[Event "44th Chess Olympiad Women 2022"]
[Site "Chennai"]
[Date "2022.08.01"]
[Round "4.7"]
[White "Schneider, Jana"]
[Black "Lehaci, Miruna-Daria"]
[Result "1-0"]
[WhiteElo "2342"]
[BlackElo "2193"]
[Annotator "TA"]
[PlyCount "113"]
[EventDate "2022.??.??"]
[TimeControl "60"]

1. e4 e6 2. d4 d5 3. e5 c5 4. c3 Nc6 5. Nf3 Bd7 6. Be2 Nge7 7. Na3 cxd4 8. cxd4 Nf5 9. Nc2 Be7 10.
O-O {[%emt 0:01:31] C02: French: Advance Variation.} O-O {[%emt 0:01:24] 10...
h5 is vanishing.} 11. Bd3 Rc8 12. Re1 {
[%emt 0:12:29] [#] The position is equal.} a6 $146 ({
Predecessor:} 12... Na5 13. Rb1 a6 14. b3 Nc6 15. Bd2 a5 16. a3 Na7 17. b4 Bb5
18. Bxf5 exf5 19. bxa5 {1-0 (63) Verlinde,P (2214)-Leenders,C (2302) ICCF
email 2015}) 13. Bd2 h6 14. Bc3 b5 15. a3 Qb6 16. Qe2 Rc7 17. Rad1 a5 18. Bd2 b4 19. axb4 axb4 (19... Nxb4 $15 20. Nxb4 Bxb4) 20. b3 Bc8 21. Kh1 Rb7 22. g4 Nfxd4 23. Nfxd4 Nxd4 24. Nxd4 Qxd4 {[%emt 0:00:04] [#]} 25. Bxh6 $1 Qb6 (25... gxh6 $2 26. Bh7+ $1
Kxh7 27. Rxd4 $18) (25... Qa7 26. Be3) 26. Be3 Qd8 27. Qf3 (27. Bd4 $1 $16) 27... g6 (
27... d4 $5 28. Qh3 (28. Qe4 g6 $11) 28... g6 $11) 28. Qh3 ({White should try} 28. Bd4 $14) 28... Re8 (
28... d4 $11 29. Be4 Rd7) 29. f4 {[%emt 0:01:13] 0x0.0013ba1922efdp-1022s more
active pieces.} (29. Kg1 $14) 29... Bh4 (29... d4 $1 $11 {
keeps the balance.} 30. Be4 Bc5) 30. Rf1 $36 {[%emt 0:02:25] g5 is the strong
threat. White has the initiative.} (30. Re2 $5 ) 30... Be7 {
[%emt 0:03:08] This costs Black the game.} (30... d4 $14 31. Be4 Rd7) 31. f5
$18 exf5 32. gxf5 Bf8 33. Qg3 d4 34. Be4 {[%emt 0:
00:27] Prevents Qd5.} Bg7 35. Rxd4 Rd7 {
[%emt 0:00:21] [#]} 36. Rxd7 (36. fxg6 $142 $1 Bb7 (36... f5
37. Qh3) 37. Bxb7 fxg6 38. Qxg6 $1 Rxb7 39. Rxd8 Rxd8 40. e6 Rc8 41. Bh6) 36...
Bxd7 37. f6 (37. fxg6 $142 fxg6 38. Qxg6)
37... Bb5 38. Rg1 (38. fxg7 $2 Bxf1 39. Bf3
Kxg7 $19) 38... Bd3 39. Bxd3 Qxd3 40. fxg7 {[%emt 0:00:11] Strongly threatening Re1.} Qe4+ 41. Rg2 Rxe5 42. Bc1 Re8 (42... Rf5 {was called for.} 43. Qb8+ Kxg7 44. Bb2+ f6 45.
Qc7+ Kf8) 43. h3 {[%emt 0:00:00] Threatens to win with Bb2.} Qb1 {[%emt 0:02:
18] [#]} 44. Rg1 Qe4+ {[%emt 0:01:25] [#]} 45. Qg2 $1 {[%emt 0:00:00]
Hoping for Bb2.} Qd3 $2 (45... Kxg7 {was worth a try.} 46.
Qxe4 Rxe4) 46. Bb2 Qxb3 47. Ra1 Kh7 48. Ra6 Qd3 49. Rb6 ({But not} 49. Ra1 $6 Kg8 50. Bf6 Qe3 $18) 49... Kg8 (49... Re2 50. g8=Q+ Kxg8 51. Qa8+) 50. Rc6 (50. Rxb4
{is a self mate.} Re1+ 51. Kh2 Qd6+ 52. Qg3 Re2+ 53. Kh1 Qxg3) 50... Qd1+ 51. Kh2 {[%emt 0:00:15] And now Rc2 would win.} Qd3 (51... b3 {keeps fighting.} 52. Qf2 Qe2) 52. Rc2 Qb3
$2 (52... f6 {is a better defense.} 53. Rd2 Qc4) 53. Re2 Rb8 (53... Qa4 $18 54. Rf2 Qa7) 54. Qe4 {
[%emt 0:00:30] White mates.} Qe6 55. Qxe6 fxe6 56. Rxe6 Rc8 57. Rxg6 {
[%emt 0:00:32] Weighted Error Value: White=0.43/Black=0.62} 1-0

[Event "44th Chess Olympiad Women 2022"]
[Site "Chennai"]
[Date "2022.08.01"]
[Round "4.8"]
[White "Balabayeva, Xeniya"]
[Black "Bayarmaa, Bayarjargal"]
[Result "1-0"]
[WhiteElo "2198"]
[BlackElo "2171"]
[Annotator "NA RC"]
[PlyCount "111"]
[EventDate "2022.??.??"]
[TimeControl "60"]

1. e4 c5 2. Nf3 d6 3. Bb5+ Bd7 4. Bxd7+ Qxd7 5. O-O Nc6 6. c3 Nf6 7. Qe2 e6 8. d4 cxd4 9. cxd4 d5 10. e5 Ne4 11. Nbd2 Nxd2 12. Bxd2 Be7 13. g3 O-O 14. Kg2 Rac8 15. Rad1 Bd8 16. h4 Re8 17. h5 h6 18.
Bf4 Qe7 19. a3 Na5 20. Nh2 Rc6 21. Ng4 Qf8 22. Rd3 Be7 23. Rf3 Kh8 24. Rc1 Rxc1 25. Bxc1 Rc8 26. Bf4 a6 27. a4 Rc4 28. Qd2 Bb4 29. Qe3 Rc7 30.
Qe2 Nc6 31. Qe3 Ne7 32. Qb3 Nf5 33. Rd3 Rc4 34. Qd1 Qc8 35.
Ne3 Nxe3+ 36. Rxe3 Qc6 37. Rf3 Kg8 38. g4 Be7 39. Be3 Rxa4 40.
g5 hxg5 41. Rg3 Kf8 42. Bxg5 Bxg5 43. Rxg5 Qc4 44. Rg4 Rb4 45. h6 gxh6 46. Qd2 Ke7 47. Qf4 Qc8 48. Qf6+ Kd7 49. Qxf7+ Kc6 50. Rg8 Qd7 51. Qf8 Kb5 52. Qc5+ Ka4 53. Rg3 Rb3 54. Qc2 Qb5 55. f4 a5 56. f5 1-0

[Event "44th Chess Olympiad Women 2022"]
[Site "Chennai"]
[Date "2022.08.01"]
[Round "4.8"]
[White "Enkhtuul, Altan-Ulzii"]
[Black "Assaubayeva, Bibisara"]
[Result "1/2-1/2"]
[WhiteElo "2267"]
[BlackElo "2436"]
[Annotator "TA"]
[PlyCount "56"]
[EventDate "2022.??.??"]
[TimeControl "60"]

1. d4 Nf6 2. Bf4 d5 3. e3 e6 4. Nd2 c5 5. c3 Nc6 6. Ngf3 Be7 {[%emt 0:00:
00] 6...Nh5 is a critical line.} 7. h3 Bd6 {[%emt 0:00:43]
D02:1 d4 d5 2 Nf3 sidelines, including 2...Nf6 3 g3 and 2...Nf6 3 Bf4.} 8. dxc5 Bxc5 9. Be2 Bd6 10. Bxd6 Qxd6 {[%emt 0:00:01] [#]} 11. c4 $146 ({Predecessor:} 11. O-O O-O 12. c4 Rd8 13. cxd5 Qxd5 14. Qc2 Bd7 15.
Rfd1 Rac8 16. Nc4 Qc5 17. a3 {1-0 (70) Graf,A (2572)-Pajeken,J (2323) Germany
2020}) 11... d4 12. exd4 Nxd4 13. O-O O-O 14. Nb3 Nxe2+ 15. Qxe2 b6 16. Rfd1 Qc7 17. Rac1 Bb7 18. Nbd4 Ne4 19. Nb5 Qf4 20. Qe3 Qf6 21. Qd4 Qg6 22. Ne5 Qg5 23. Nf3 $1 {[%emt 0:00:11]
Pair of Knights!} Qh5 24. b4 Qg6 25. Ne5 Qg5 {[%emt 0:00:10][%cal Ye4c3] [#] Strongly
threatening ...Nc3!} 26. Nf3 Qg6 27. Ne5 Qg5 {[%emt 0:00:32][%cal Ye4c3] White must now prevent ...Nc3!}
28. Nf3 Qg6 {[%emt 0:01:27] Weighted Error Value: White=0.09 
(flawless) /Black=0.08 (flawless)} 1/2-1/2

[Event "44th Chess Olympiad Women 2022"]
[Site "Chennai"]
[Date "2022.08.01"]
[Round "4.8"]
[White "Munkhzul, Turmunkh"]
[Black "Nakhbayeva, Guliskhan"]
[Result "1/2-1/2"]
[WhiteElo "2277"]
[BlackElo "2329"]
[Annotator "TA"]
[PlyCount "165"]
[EventDate "2022.??.??"]
[TimeControl "60"]

1. e4 e6 2. d4 d5 3. Nc3 Nf6 4. Bg5 Be7 5. e5 Nfd7 6. Bxe7 Qxe7 7.
f4 a6 8. Nf3 c5 9. Qd2 Nc6 10. dxc5 Nxc5 11. Bd3 b5 12. O-O b4 {[%emt 0:07:33] Strongly threatening ...Qa7. C14: French:
Classical System: 4 Bg5 Be7 main line.} 13. Ne2 O-O 14. Qe3 h6 15. Ned4 Nxd4 16. Nxd4 {[%emt 0:00:29] [#]} Nxd3 $146 ({Predecessor:} 16... Bd7 17. Rf3 Nxd3 18. cxd3 Rac8 19. g4
Rfe8 20. Raf1 Rc5 21. Rg3 Ra5 22. Ra1 Rc8 {1-0 (36) Kriksciunas,B (2305)
-Voveris,G (2185) ICCF email 2009}) 17. cxd3 Bd7 18. Rac1 Rfc8 19. Nb3 Bb5 20. Qd4 f6 21. Qe3 fxe5 22. fxe5 d4 23. Qh3 (23. Qxd4 Rxc1 24.
Nxc1 (24. Rxc1 Rd8 $11) 24... Rc8 $11) (23. Rxc8+ $14 Rxc8 24. Nxd4) 23... Kh8 24. Kh1 (24. Nxd4 $142 Rxc1 25. Rxc1) 24...
Bc6 25. Nxd4 Bd5 26. Qg4 a5 27. Nf3 $2 (27. Rxc8+ $11
{and White is okay.} Rxc8 28. h3) 27... Bxa2 28. Ra1 Bd5 {[%emt 0:03:48] aiming for ...Rc2.} 29. Rf2 (29.
Nh4 $142 Qg5 30. Qxg5 hxg5 31. Ng6+ Kh7 32. Ne7) 29... Kg8 30.
Raf1 $2 (30. h3) 30... Rf8 31. h3 a4 32. Rc1 a3 33.
bxa3 bxa3 34. Rfc2 (34. Kh2 $142 a2 35. Ra1) 34... a2 $19 35. Ra1 Rfc8 36. Rd2 Qa3 37. Rdd1 {[%emt 0:00:15] Against Rc1} Rc2 38. Rg1 Rac8 {[%emt 0:00:40] Threatens to win with ...Rc1.} 39. Nd4 {
[%emt 0:00:32] [#]} Rxg2 $1 40. Rxg2 Rc1+ $4 (40... Bxg2+ $19 41. Kxg2 Qb2+ 42. Kg3
Re8) 41. Kh2 $18 Bxg2 {[%emt 0:03:20] 
[#]} 42. Qxe6+ (42. Nxe6 $1 $18 Rc7
43. Nxc7) 42... Kh7 $11 ({Don't play} 42... Kh8 43. Rxa2 Qf8
44. Qf5 (44. Kxg2 Qf1+ 45. Kg3 Qg1+ 46. Kf3 Rf1+ 47. Ke4 Qh1+ 48. Ke3 Rf8 $18)
(44. Rxg2 Qf4+ 45. Rg3 Qf2+ 46. Rg2 Qf4+ 47. Rg3 Qf2+ 48. Rg2 Qf4+ $11) 44...
Qxf5 45. Nxf5 $16) 43. Rxa2 {[%emt 0:00:00] Chess con chili.} Qf8 44. Qf5+ Qxf5 45. Nxf5 {[%emt 0:00:00]
Endgame KRB-KRN} Bd5 46. Ra5 Rh1+ $1 47. Kg3 Be6 {[%emt 0:00:05] The position is
equal.} 48. Nd4 Rxh3+ 49. Kf2 Bg4 50. e6 {[%emt 0:00:00] Black must now prevent e7.} Kg6 51. e7 Bd7 52. Ra8 Kf7 {[%emt 0:00:00] [#]} 53. Nf5 $1 Rf3+ 54. Kxf3 {[%emt 0:00:00] White wants to mate with Rf8+.} Bc6+ 55. Kf4 {[%emt 0:00:00] Rf8+ would kill now.} Bxa8 {[%emt 0:00:01] [#]}
56. Nxg7 $1 Kxe7 {[%emt 0:00:08] KB-KN} (56... Bc6 57. Nf5)
57. Nf5+ Ke6 58. Nxh6 Bd5 59. Ng4 Bb3 60. Ke3 Bc2 61. d4 Kd5 62.
Nf6+ Ke6 63. Nh5 Kd6 64. Nf4 Bb3 65. Kd2 Bf7 66. Kc3 Bg8 67.
Ng6 Bd5 68. Ne5 Be6 69. Nf3 Bd5 70. Ng5 Kc6 71. Kd3 Kd6 72.
Ke3 Kc6 73. Kf4 Kd6 74. Ne4+ Bxe4 75. Kxe4 {
[%emt 0:00:02] KP-K} Ke6 76. d5+ Kd6 77. Kd4 Kd7 78. Ke5 Ke7 79. d6+ Kd7 80.
Kd5 Kd8 81. Kc6 {[%emt 0:00:02] White
threatens d7 and mate.} Kc8 82. d7+ Kd8 83. Kd6 {[%emt 0:00:00] Weighted Error Value: White=0.47/
Black=0.16 (very precise)} 1/2-1/2

[Event "44th Chess Olympiad Women 2022"]
[Site "Chennai"]
[Date "2022.08.01"]
[Round "4.8"]
[White "Nurgali, Nazerke"]
[Black "Munkhzul, Davaakhuu"]
[Result "0-1"]
[WhiteElo "2181"]
[BlackElo "2095"]
[Annotator "NA RC"]
[PlyCount "80"]
[EventDate "2022.??.??"]
[TimeControl "60"]

1. d4 Nf6 2. Nf3 d5 3. c4 e6 4. g3 Bb4+ 5. Bd2 Be7 6. Bg2 O-O 7. O-O c6 8. Qc2 Nbd7 9. Bf4 b6 10. Rd1 Ba6 11. Ne5 Rc8 12. Nc3 Nxe5 13.
dxe5 Ng4 14. h3 Nxf2 15. Kxf2 Bc5+ 16. Ke1 f6 17. Ne4 Bb4+ 18. Bd2 Bxd2+ 19. Rxd2 fxe5 20. Qa4 Bb7 21. Qa3 Rc7 22. h4 h6 23. Bh3 Qe8 24. Nd6 Qg6 25. Nxb7 Rxb7 26. Qe3 Rbf7 27. Rdd1 e4 28. Kd2 c5 29. h5 Qf6 30. Kc2 Qe5 31. Rf1 d4 32. Qg1 d3+ 33.
exd3 exd3+ 34. Kb3 d2 35. Bg4 Qe4 36. Bxe6 Qxe6 37. Rxf7 Rxf7 38. Qg2 Qe3+ 39. Kc2 d1=Q+ 40. Kxd1 Rd7+ 0-1

[Event "44th Chess Olympiad Women 2022"]
[Site "Chennai"]
[Date "2022.08.01"]
[Round "4.9"]
[White "Blokhin, Sofia"]
[Black "Divya Deshmukh"]
[Result "1/2-1/2"]
[WhiteElo "1996"]
[BlackElo "2319"]
[Annotator "TA"]
[PlyCount "84"]
[EventDate "2022.??.??"]
[TimeControl "60"]

1. e4 c5 2. Nf3 d6 3. d4 cxd4 4. Nxd4 Nf6 5. Nc3 Nc6 6. Be2 e5 7. Nb3 Be7 8. O-O O-O 9. f4 a5 10. a4 Nb4 11. Be3 Be6 12. f5 Bxb3 {[%emt 0:09:17] B59: Classical Sicilian: 6 Be2 e5 7 Nb3.}
13. cxb3 d5 {[%emt 0:00:53] Inhibits Bc4.} 14. exd5 Nfxd5 15. Nxd5 Nxd5 16. Bf2 e4 {[%emt 0:23:09] [#]} 17. Kh1 $146 ({Predecessor:} 17. Bc4 e3 18. Qxd5 exf2+ 19. Kxf2 Qb6+ 20. Kf3 Rad8 21. Qe4
Bg5 22. Rad1 Rde8 23. Qd4 Qc6+ 24. Qd5 Qb6 25. Qd4 Qc6+ 26. Qd5 Qb6 27. Qd4
Qc6+ {½-½ (27) Sokolov,A (2497)-Renet,O (2477) Switzerland 2019}) 17... Nb4 18. Bc4 Nd3 19. Qe2 Nxf2+ 20. Qxf2 Bg5 21. Qe2 e3 22. f6 g6 ({But not} 22... gxf6 23. Qg4 Kh8 24. h4 $14) 23. Rad1 Qb6 24. Qf3 (24. Rd5 $11 Bxf6
25. Rb5) 24... Rad8 $17 25. Rde1 Rd2 (25... Rfe8 $17 26. Qh3 h6) 26. Qg3 $1 $11 {[%emt 0:02:39] The
position is equal.} Qc5 27. Rc1 $1 $36 {[%emt 0:02:07][%cal
Yc4f7] [#] aiming for Bxf7+! White fights for an advantage.} Kh8 28. Bb5 $1 ({Don't blunder} 28. Bxf7 $2 e2 29. Bc4 exf1=N
$19) 28... Qd5 {[%emt 0:00:48][%cal Yg5h4] Hoping for ...Bh4!} 29. Bc4 Qc5 30. Bb5 $1 ({Don't go for
} 30. Bxf7 $2 e2 31. Bc4 exf1=N $19) 30... Qd5 {[%emt 0:04:23][%cal Yg5h4] [#]
...Bh4! is the strong threat.} 31. Bc4 Bh4 32. Bxd5 Bxg3 33. hxg3 Rxd5
{[%emt 0:00:07] Endgame KRR-KRR} 34. Rfe1 Rd6 35. Rxe3 Rxf6 36. Rc7 b6 37. Rf3 Rxf3 38.
gxf3 Rd8 39. Rc6 Rb8 40. b4 axb4 41. Rc4 Rd8 42. Rxb4 Rd6 {[%emt 0:01:52]
Weighted Error Value: White=0.06 (flawless) /Black=0.09 (flawless)} 1/2-1/2

[Event "44th Chess Olympiad Women 2022"]
[Site "Chennai"]
[Date "2022.08.01"]
[Round "4.9"]
[White "Olde, Margareth"]
[Black "Padmini, Rout"]
[Result "1/2-1/2"]
[WhiteElo "2235"]
[BlackElo "2374"]
[Annotator "TA"]
[PlyCount "89"]
[EventDate "2022.??.??"]
[TimeControl "60"]

1. d4 Nf6 2. c4 g6 3. Nc3 Bg7 4. e4 d6 5. Be3 O-O 6. Be2 e5 7. d5 Na6 8. g4 Nc5 9. f3 a5 10. h4 h5 11. g5 Nh7 12. Nh3 f6 13. Qd2 Bxh3 {[%emt 0:00:
00] E73: King's Indian: Averbakh Variation without 6...c5.} 14. Rxh3 fxg5 15. hxg5 Rf4 {[%emt 0:23:24]
White is better.} 16. Rg3 (16. Bxf4 $6 exf4 17. O-O-O (17.
Qxf4 Be5 $11) 17... Nxg5 $14) 16... b6 {[%emt 0:02:22] [#]} 17. O-O-O $146 ({Predecessor:} 17. Bxf4 exf4 18. Rg2 a4 19. Rc1 Be5 20. Nb5
Nxg5 21. Kd1 Kh7 22. Kc2 Nf7 23. Rcg1 {0-1 (38) Hjartarson,J (2483)-Risteski,E
(2315) Terme Catez 2021}) 17... Qe7 18. Rdg1 (18. Bxf4 exf4 19. Rgg1 (19. Qxf4 Be5 $14) 19... Nxg5 $16) 18... Raf8 19. Nd1 Qd7 20. Nf2 R4f7 21. Kb1 Rf4 22. Qd1 Qf7 23. R3g2 Qd7 ({Not} 23... Rh4 24. Qe1 $16) 24. Rh2 Qe7 ({Weaker is} 24... R4f7 25. Nd3 $14) 25. Nh3 R4f7 26. Rg3 Rf4 27. Rgg2 ({Don't blunder} 27. Nxf4 $2 exf4 28. Bxf4 Rxf4 $19) 27... R4f7 28. Rh1 Qd7 29. Ka1 Qe7 30. Qe1 Qd7 31. Kb1 Qe7 32. Rhh2 Qd7 33.
Ng1 (33. Nf2 $142) 33... Rf4 34. Nh3 R4f7 35. Rg1 Qe7 36. Nf2 Rf4 37. Nh3 R4f7 38. Rhh1 Qd7 39. Qd1 Qe7 40. Rg2 Qd7 41. Rg3 Qe7 42. Qe1 Qd7 43. Ng1 Qe7 44. Nh3 Qd7 $1 45. Qd1 {[%emt 0:00:17] Black escapes
into a draw. Weighted Error Value: White=0.27 (precise) /Black=0.12 (very
precise)} (45. Nf2 $16) 1/2-1/2

[Event "44th Chess Olympiad Women 2022"]
[Site "Chennai"]
[Date "2022.08.01"]
[Round "4.9"]
[White "Soumya, Swaminathan"]
[Black "Sinitsina, Anastassia"]
[Result "1/2-1/2"]
[WhiteElo "2335"]
[BlackElo "2175"]
[Annotator "TA"]
[PlyCount "85"]
[EventDate "2022.??.??"]
[TimeControl "60"]

1. e4 e5 2. Nf3 Nc6 3. Bb5 a6 4. Ba4 Nf6 5. O-O Nxe4 6. d4 b5 7. Bb3 d5 8. dxe5 Be6 9. c3 Bc5 10. Nbd2 O-O 11. Bc2 Nxf2 12. Rxf2 f6 {[%emt 0:00:10] [#]} 13. Nf1 $1 {[%emt 0:00:07] Be3 is the strong threat.
now scores much better than the old 13.exf6. C82: Open Ruy Lopez: 9 c3 without
9...Be7.} Bxf2+ 14. Kxf2 fxe5 15. Kg1 Qd6 16. Be3 Rad8 17. Qe1 Bf5 18. Bxf5 Rxf5 19. Rd1 h6 20. Bf2 {[%emt 0:00:00] [#]} Rff8 $146 ({Predecessor:} 20... Rf7 21. Bg3 Qc5+ 22. Bf2 Qd6 23. Qe2 Rdf8
24. Bg3 Qc5+ 25. Bf2 Qd6 26. Bg3 Qc5+ 27. Bf2 {½-½ (27) Caruana,F (2792)-Van
Foreest,J (2702) Wijk aan Zee 2022}) 21. Bg3 Rfe8 22. Qe2 Qc5+ 23. Qf2 Qxf2+ 24. Kxf2 d4 {[%emt 0:07:48] White must
now prevent ...dxc3.} 25. cxd4 e4 26. Rc1 Nb4 {[%emt 0:04:09] Black has compensation.} 27. Ne1 ({Wrong is} 27. Ne5 $2 {[#]} Rxe5 $1 28. Bxe5 Nd3+ 29. Ke3 Nxc1 $19)
27... Rxd4 28. Rxc7 Nxa2 {[%emt 0:05:33]
Black wants to play ... Rd1.} 29. Nc2 Rd3 30.
Nfe3 Rf8+ 31. Ke1 ({Much
weaker is} 31. Kg1 Rf7 $17) 31... Rf7 32. Rc8+ {[%emt 0:00:20]
The position is equal.} Kh7 33. Re8 Rb3 34. Nd1 Nc1 35. Kd2 Nd3 36. Nd4 Rb4 37.
Ne6 Nxb2 38. Kc3 {[%emt 0:00:52][%csl Yb2,
Yb4] Really sharp!} Nd3 39. Nf8+ {[%emt 0:00:07] Pair of
Knights!} Kg8 {[%emt 0:00:00] Hoping for ...Rc4+.} 40. Ng6+ Kh7 41. Nf8+ Kg8 {[%emt 0:30:41] Strongly
threatening ...Rc4+.} 42. Ng6+ Kh7 43. Nf8+ {
[%emt 0:00:12] A balanced but interesting game. Weighted Error Value: White=0.
04 (flawless) /Black=0.03 (flawless)} 1/2-1/2

[Event "44th Chess Olympiad Women 2022"]
[Site "Chennai"]
[Date "2022.08.01"]
[Round "4.9"]
[White "Vantika Agrawal"]
[Black "Narva, Mai"]
[Result "1-0"]
[WhiteElo "2371"]
[BlackElo "2385"]
[Annotator "TA"]
[PlyCount "85"]
[EventDate "2022.??.??"]
[TimeControl "60"]

1. d4 Nf6 2. c4 e6 3. Nf3 c5 4. d5 b5 5. dxe6 fxe6 6. cxb5 d5 7. Nc3 Nbd7 {[%emt 0:04:26] E10:
Blumenfeld Gambit.} 8. e4 d4 {[%emt 0:01:02]
Deflection} 9. Nb1 {[%emt 0:04:39] White is more active.} Bb7 {[%emt 0:00:00]
[%cal Yc8b7,Yb7e4,Ye4f5] [#] White is better.} 10. Nbd2 $146 (
10. Bd3 $14) ({Predecessor:} 10. Bd3 Bxe4 11. Bxe4 Nxe4 12. Qb3 Qf6 13. O-O Qf5
14. Nbd2 Nxd2 15. Bxd2 Be7 16. Rfe1 {½-½ (50) Loinjak,S (2483)-Bauer,R (2459)
ICCF email 2011}) 10... Nxe4 $11 ({Much less strong is} 10...
Bxe4 11. Nxe4 Nxe4 12. Bd3 $16) 11. Nxe4 Bxe4 12. Bc4 {[%emt 0:01:51] 0-0 is the strong threat.} Qf6 $1 13.
O-O $1 {[%emt 0:05:55] Hoping for Ng5.} Bd6 {[%emt 0:10:41] [#]} (13... Bxf3
$11 14. Qxf3 Qxf3 15. gxf3 e5) 14. Ng5 $1 $16 Bf5 {[%emt 0:03:
01] [#]} (14... Qh6 $2 15. g3 Qg6 16. Nxe4 $18) 15. Qh5+ (15.
Qb3 $1 $16) 15... g6 $14 16. Qf3 O-O 17. g4 (17. Qb7 $5 Qe7 18. Re1 $11) 17... Ne5 {[%emt 0:06:15] [#]} (17... h6 $11 {
remains equal.} 18. gxf5 hxg5) 18. Qh3 $1 $16 h5 19. gxf5 Nxc4 20.
b3 $36 {[%emt 0:00:57] Keeping Black busy.} Ne5 {[%emt 0:00:43] Black cannot
hold the game after this.} (20... Ne3 $16 {keeps fighting.} 21. Bxe3 dxe3) 21.
Ne4 $18 Qe7 22. Bg5 Qc7 (22... Qb7 {was called for.} 23. Qg2 (23. Nxd6 Nf3+ 24. Kg2
Ne1+ 25. Kg1 Nf3+ 26. Kg2 Ne1+ 27. Kg1 Nf3+ $11) 23... Qd5) 23. f4 Ng4 (23... Rxf5 24. fxe5 Bxe5) 24. fxg6 {[%emt 0:00:25]
White is clearly winning.} Bxf4 25. Qxh5 Bxg5 26. Nxg5 ({Not} 26. Qxg4 Bf4 $18) 26... Nf6 27. Qh6 Qg7 28. Qxg7+ Kxg7 29. Nxe6+ Kxg6 30. Nxf8+ Rxf8 {[%emt 0:00:06] Endgame KRR-KRN} 31.
Rae1 Rg8 32. Kh1 Kf7 33. Re5 {[%emt 0:00:23] Prevents Rg5.} Rg6 34.
Rxc5 Ke7 35. Rc4 Rg4 36. Rc7+ Nd7 37. Rxa7 {
[%emt 0:00:23] aiming for Rg1.} Kd6 38. b6 d3 39. b7 {[%emt 0:01:39] Strongly threatening Ra4.} Kc6 40. Rd1 Rd4 41. Ra4 Rd5 42. Rb4 Kc7 43.
Rc1+ {[%emt 0:00:13] Weighted Error Value: White=0.25 (precise) /Black=0.49}
1-0

[Event "44th Chess Olympiad Women 2022"]
[Site "Chennai"]
[Date "2022.08.01"]
[Round "4.10"]
[White "Agrest, Inna"]
[Black "Miranda Llanes, Yerisbel"]
[Result "1-0"]
[WhiteElo "2217"]
[BlackElo "2347"]
[Annotator "TA"]
[PlyCount "87"]
[EventDate "2022.??.??"]
[TimeControl "60"]

1. e4 c6 2. d4 d5 3.
e5 Bf5 4. g4 Be4 5. f3 Bg6 6. e6 {[%emt 0:00:00] B12:
Caro-Kann: Advance Variation.} Qd6 7. exf7+ Bxf7 8. Nh3 {[%emt 0:00:55] The position is equal. 8. Nc3 is
a critical line.} Nd7 9. Bf4 Qb4+ {[%emt 0:
04:30] [#]} 10. c3 $146 (10. Nc3 $11 {and White has nothing
to worry.}) ({Predecessor:} 10. Nc3 e5 11. dxe5 Qxb2 12. Ne2 Nxe5 13. Rb1 Nxf3+
14. Kf2 Bc5+ 15. Kxf3 Qxa2 16. Be5 {1-0 (31) Tuncer,T (2291)-Jacobsen,M (2219)
Rymanow Zdroj 2017}) 10... Qxb2 $19 11. Bd3 e5 12. Bc1 (12. Bxe5 $142 Nxe5
13. dxe5 Qxa1 14. Qb3) 12... Qb6 $2 (12... Qxa1 $19 13. Qb3
exd4) 13. dxe5 (13. Ng5 $17) 13... Nxe5 14.
Bf5 g6 15. Qe2 Bg7 16. Be3 {[%emt 0:05:12] Prevents d4.} Qa6 17. Bc2 Qxe2+ 18. Kxe2 Ne7 (18... Nf6 $19 19. Nd2 O-O) 19. Nd2 O-O 20. Ng5 Nc8 21. h4 Nd6 22. h5 Rfe8 23.
Kf2 Ndc4 (23... Nb5 $17 {
Threatens to win with ...Na3.} 24. Nxf7 Kxf7) 24. Nxc4 $1 $11 dxc4 25. Nxf7 Kxf7 26. Rad1
{[%emt 0:01:21] Prevents Nd3+.} Rad8 27. Rxd8 Rxd8 28. Be4 Re8 {[%emt 0:02:59][%cal Ye5g4]
[#] aiming for ...Nxg4+!} 29. Kg3 (29. hxg6+ $11 {remains
equal.} hxg6 30. Kg3) 29... Nd7 30. g5 {[%emt 0:01:35]
Prevents Nf6.} Be5+ ({But not} 30... Bxc3 31. hxg6+ hxg6 32.
Rh7+ Bg7 33. Bd4 $11) ({Black should play} 30... Nb6 $15) 31. Kf2 Kg7 32. Rb1 b6 (32...
Nb6 $1 $11 {and Black is okay.}) 33. Bxc6 $18 Re7 34. f4 Bxc3 35. Rc1 Nb8
$2 (35... Bb4 {is a better chance.}) 36. h6+ ({Less strong is} 36. Rxc3 Nxc6 37. Rxc4 Re6 $11) 36... Kf8 37. Bb5 {[%emt 0:00:34] This bishop pair is nice.} (37. Rxc3 Nxc6 38. Rxc4 Re6
$11) 37... a6 38. Bxc4 ({Not} 38. Rxc3 axb5
39. a4 bxa4 $14) 38... Ba5 (38... Bb4 $142 39. Bb3 Nd7 40.
Rc8+ Re8) 39. Bb3 {[%emt 0:01:03][%cal Yf4f5] White is clearly winning.} Nd7 40. Rc6 {[%emt 0:00:30] Against Nc5} Nc5 41.
Bxc5 bxc5 42. Rxa6 Be1+ 43. Kf3 {[%emt 0:00:34] [#] And now Ra8+ would win.} Bd2 44. Rf6+ {[%emt 0:01:21] Never resign too early! Weighted
Error Value: White=0.34/Black=0.59} (44. Ra8+ $142 Re8 45. Rxe8+ Kxe8 46. Bg8)
1-0

[Event "44th Chess Olympiad Women 2022"]
[Site "Chennai"]
[Date "2022.08.01"]
[Round "4.10"]
[White "Andric, Jelena"]
[Black "Forgas Moreno, Yaniela"]
[Result "0-1"]
[WhiteElo "1993"]
[BlackElo "2343"]
[Annotator "TA"]
[PlyCount "72"]
[EventDate "2022.??.??"]
[TimeControl "60"]

1. d4 f5 2. g3 Nf6 3. Bg2 d6 4. Nh3 g6 5. Nf4 c6 6. h4 {[%emt 0:00:00] [#] A81:
Dutch Defence: 2 g3.} Qc7 $146 ({Predecessor:} 6... e5 7. dxe5
dxe5 8. Qxd8+ Kxd8 9. Nd3 e4 10. Bg5 Ke7 11. Nf4 Kf7 12. h5 Nxh5 13. Nxh5 gxh5
{1-0 (26) Votava,J (2522)-Potapov,P (2500) Pardubice 2018}) 7. c3 (7. d5 $11) 7... e5 $15 8. dxe5 (8. Nh3
$15) 8... dxe5 $17 9. Nd3 {[%emt 0:00:00] [#]} Be6 $1 {
[%emt 0:01:28] Against Qb3} 10. O-O Nbd7 11.
Qc2 Be7 12. Nd2 O-O {
[%emt 0:09:45] Black is more active.} (12... h6 $17 13. Rd1 g5) 13. Nb3 Ng4 14. Bg5 Bd6 15. c4 {[%emt 0:02:08] Threatens to win with c5.} Rf7 16.
Rac1 Re8 {[%emt 0:09:00] White must now prevent .. .e4.} 17.
f3 {[%emt 0:02:28] Against e4} (17. e4 $142) 17... Ngf6 18. c5 (18. Rf2 $17) 18... Bf8 $19 19. e4 {[%emt 0:
01:43] [#]} Nh5 $1 20. exf5 gxf5 21. Qf2 $2 (21. g4 Ng3 22. Rfe1) 21... f4 22. gxf4 h6 23. fxe5 (23. Rfe1 {only move.}) 23... hxg5 24. Rce1 Bxb3 25. axb3 Nxe5 26. Qe3 {[%emt 0:01:58] [#]} Nxf3+ 27. Rxf3 Rxe3 28. Rfxe3 Nf4 {[%emt 0:00:30]
aiming for ...Nxd3.} 29. hxg5 Nxd3 {[%emt 0:00:49] Black
mates.} 30. Rxd3 Bxc5+ 31. Kh1 Qf4 32. Rh3 Rh7 33.
Re8+ Kg7 34. Rxh7+ Kxh7 35. Be4+ Kg7 36. g6 Qf2 {[%emt 0:00:17] Weighted Error Value: White=0.61/Black=0.23 
(precise)} 0-1